MWL (24 & UNDER)
COLUMBIA 08S @ PLUMSTEAD EAGLES
08/05/2024
 
TOP OF THE 1ST
Columbia 08s batting - Pitching for Plumstead Eagles : RHP Juan Martínez
Pitching: RHP Juan Martínez
Batting: RHB Jeffrey Hicks 0-0: Ball
1-0: Called Strike
1-1: Ball
2-1: Ball
3-1: Base on Balls
Batting: RHB Irving Galloway 0-0: Ball
1-0: Foul Ball, location: 2F
1-1: Ball
2-1: Foul Ball, location: 2F
2-2: Foul Ball, location: 2F
2-2: Foul Ball, location: 2F
2-2: Ball
3-2: Strikes out swinging
Batting: RHB Ricardo Salazar 0-0: Called Strike
0-1: Called Strike
Jeffrey Hicks is caught stealing 2nd base
0-2: Ball
1-2: Ground out 6-3 (Groundball, 6)
Top of the 1st over - 0 run(s), 0 hit(s), 0 error(s), 0 left on base; Columbia 0 - Plumstead 0
BOTTOM OF THE 1ST
Plumstead Eagles batting - Pitching for Columbia 08s : RHP Joe Wilson
Pitching: RHP Joe Wilson
Batting: RHB Carlos Palomón 0-0: Ball
1-0: Ball
2-0: Called Strike
2-1: Ball
3-1: Foul Ball, location: 2F
3-2: Foul Ball, location: 2F
3-2: Base on Balls
Batting: RHB Donald Sanford 0-0: Ball
1-0: Fly out, F8 (Flyball, 78S)
Batting: RHB Howard Johnson 0-0: Ball
Wild Pitch!
Carlos Palomón to second
1-0: Swinging Strike
1-1: Swinging Strike
1-2: Strikes out swinging
Batting: RHB Víctor Rivera 0-0: SINGLE (Groundball, 6D)
Carlos Palomón to third
Runner from 3rd tries for Home, SAFE, no throw or cutoff
Batting: LHB António Salazar 0-0: Called Strike
0-1: Ball
1-1: Called Strike
1-2: Ball
2-2: Ground out 4-3 (Groundball, 34)
Bottom of the 1st over - 1 run(s), 1 hit(s), 0 error(s), 1 left on base; Columbia 0 - Plumstead 1
TOP OF THE 2ND
Columbia 08s batting - Pitching for Plumstead Eagles : RHP Juan Martínez
Batting: LHB Robert Moore 0-0: Called Strike
0-1: Ground out 4-3 (Groundball, 4)
Batting: RHB Chris Jones 0-0: Foul Ball, location: 2F
0-1: Called Strike
0-2: Ball
1-2: Strikes out swinging
Batting: RHB Pat Fernández 0-0: Swinging Strike
0-1: Foul Ball, location: 2F
0-2: Strikes out swinging
Top of the 2nd over - 0 run(s), 0 hit(s), 0 error(s), 0 left on base; Columbia 0 - Plumstead 1
BOTTOM OF THE 2ND
Plumstead Eagles batting - Pitching for Columbia 08s : RHP Joe Wilson
Batting: RHB Juan Caceres 0-0: Called Strike
0-1: Ball
1-1: Called Strike
1-2: Strikes out swinging
Batting: RHB Ron King 0-0: Called Strike
0-1: Called Strike
0-2: Foul Ball, location: 2F
0-2: Ball
1-2: Ball
2-2: Ball
3-2: Foul Ball, location: 2F
3-2: Base on Balls
Batting: RHB Louis Smith 0-0: Ball
1-0: Grounds into double play, 4-6-3 (Groundball, 4)
Bottom of the 2nd over - 0 run(s), 0 hit(s), 0 error(s), 0 left on base; Columbia 0 - Plumstead 1
TOP OF THE 3RD
Columbia 08s batting - Pitching for Plumstead Eagles : RHP Juan Martínez
Batting: SHB William Hamilton 0-0: Called Strike
0-1: Ball
1-1: Ball
2-1: Swinging Strike
2-2: Foul Ball, location: 2F
2-2: Strikes out swinging
Batting: RHB Ben Barker 0-0: Ball
1-0: Foul Ball, location: 2F
1-1: Called Strike
1-2: Strikes out swinging
Batting: RHB Henry Fox 0-0: Ball
1-0: DOUBLE (Line Drive, 7LS)
Batting: RHB Jeffrey Hicks 0-0: Ball
1-0: Ball
2-0: Called Strike
2-1: Foul Ball, location: 2F
2-2: Foul Ball, location: 2F
2-2: Foul Ball, location: 2F
2-2: Ball
3-2: Strikes out looking
Top of the 3rd over - 0 run(s), 1 hit(s), 0 error(s), 1 left on base; Columbia 0 - Plumstead 1
BOTTOM OF THE 3RD
Plumstead Eagles batting - Pitching for Columbia 08s : RHP Joe Wilson
Batting: RHB Don Turner 0-0: Foul Ball, location: 2F
0-1: Swinging Strike
0-2: Foul Ball, location: 2F
0-2: Ball
1-2: Ground out U3 (Groundball, 3L)
Batting: RHB Carlos Palomón 0-0: Ball
1-0: DOUBLE (Line Drive, 7LS)
Batting: RHB Donald Sanford 0-0: Ground out 5-3 (Groundball, 15S)
Carlos Palomón to third
Batting: RHB Howard Johnson 0-0: Called Strike
0-1: Ball
1-1: Ball
2-1: Ball
3-1: Ground out 6-3 (Groundball, 6M)
Bottom of the 3rd over - 0 run(s), 1 hit(s), 0 error(s), 1 left on base; Columbia 0 - Plumstead 1
TOP OF THE 4TH
Columbia 08s batting - Pitching for Plumstead Eagles : RHP Juan Martínez
Batting: RHB Irving Galloway 0-0: Ball
1-0: Called Strike
1-1: Ball
2-1: Ball
3-1: Foul Ball, location: 2F
3-2: Foul Ball, location: 2F
3-2: Base on Balls
Batting: RHB Ricardo Salazar 0-0: Grounds into double play, 5-4-3 (Groundball, 5)
Batting: LHB Robert Moore 0-0: Fly out, F6 (Popup, 6M)
Top of the 4th over - 0 run(s), 0 hit(s), 0 error(s), 0 left on base; Columbia 0 - Plumstead 1
BOTTOM OF THE 4TH
Plumstead Eagles batting - Pitching for Columbia 08s : RHP Joe Wilson
Batting: RHB Víctor Rivera 0-0: Called Strike
0-1: Ball
1-1: Ball
2-1: SINGLE (Line Drive, 9S)
Batting: LHB António Salazar 0-0: Foul Ball, location: 2F
0-1: Ball
Víctor Rivera is caught stealing 2nd base
1-1: Ball
2-1: Ball
3-1: Ground out 6-3 (Groundball, 6)
Batting: RHB Juan Caceres 0-0: Swinging Strike
0-1: Ball
1-1: Swinging Strike
1-2: Ball
2-2: Foul Ball, location: 2F
2-2: Foul Ball, location: 2F
2-2: Fly out, F3 (Popup, 34)
Bottom of the 4th over - 0 run(s), 1 hit(s), 0 error(s), 0 left on base; Columbia 0 - Plumstead 1
TOP OF THE 5TH
Columbia 08s batting - Pitching for Plumstead Eagles : RHP Juan Martínez
Batting: RHB Chris Jones 0-0: Ground out 5-3 (Groundball, 5L)
Batting: RHB Pat Fernández 0-0: SINGLE (Line Drive, 56)
Batting: SHB William Hamilton 0-0: Ball
1-0: Ball
2-0: Called Strike
2-1: Fly out, F3 (Line Drive, 3L)
2-1: Lined into DP, U3 (Line Drive, 3L)
Top of the 5th over - 0 run(s), 1 hit(s), 0 error(s), 0 left on base; Columbia 0 - Plumstead 1
BOTTOM OF THE 5TH
Plumstead Eagles batting - Pitching for Columbia 08s : RHP Joe Wilson
Batting: RHB Ron King 0-0: Swinging Strike
0-1: Swinging Strike
0-2: Ball
1-2: Foul Ball, location: 2F
1-2: Foul Ball, location: 2F
1-2: Ball
2-2: Strikes out looking
Batting: RHB Louis Smith 0-0: Called Strike
0-1: Fly out, F9 (Flyball, 89M)
Batting: RHB Don Turner 0-0: Called Strike
0-1: Ground out 5-3 (Groundball, 56)
Bottom of the 5th over - 0 run(s), 0 hit(s), 0 error(s), 0 left on base; Columbia 0 - Plumstead 1
TOP OF THE 6TH
Columbia 08s batting - Pitching for Plumstead Eagles : RHP Juan Martínez
Batting: RHB Ben Barker 0-0: Ground out 5-3 (Groundball, 5S)
Batting: RHB Henry Fox 0-0: Called Strike
0-1: SINGLE (Line Drive, 6MD)
Batting: RHB Jeffrey Hicks 0-0: Called Strike
0-1: Swinging Strike
0-2: Strikes out swinging
Pitching: LHP Ayres Carrasco
Batting: RHB Irving Galloway 0-0: Swinging Strike
0-1: Ball
1-1: Ball
2-1: Foul Ball, location: 2F
2-2: Ball
3-2: Strikes out looking
Top of the 6th over - 0 run(s), 1 hit(s), 0 error(s), 1 left on base; Columbia 0 - Plumstead 1
BOTTOM OF THE 6TH
Plumstead Eagles batting - Pitching for Columbia 08s : RHP Joe Wilson
Batting: RHB Carlos Palomón 0-0: Swinging Strike
0-1: Called Strike
0-2: SINGLE (Groundball, 34)
Batting: RHB Donald Sanford 0-0: Ball
1-0: Called Strike
1-1: Ball
2-1: SINGLE (Line Drive, 56D)
Carlos Palomón to second
Batting: RHB Howard Johnson 0-0: Called Strike
0-1: Ball
1-1: Called Strike
1-2: Foul Ball, location: 2F
1-2: Ball
2-2: Strikes out swinging
Pitching: RHP Danny Johnston
Batting: RHB Víctor Rivera 0-0: Foul Ball, location: 2F
0-1: Fly out, F7 (Flyball, 7M)
Batting: LHB António Salazar 0-0: Called Strike
0-1: TRIPLE (Line Drive, 3L)
Carlos Palomón scores
Donald Sanford scores
Batting: RHB Juan Caceres 0-0: Ball
1-0: Ball
2-0: Ground out 5-3 (Groundball, 5S)
Bottom of the 6th over - 2 run(s), 3 hit(s), 0 error(s), 1 left on base; Columbia 0 - Plumstead 3
TOP OF THE 7TH
Columbia 08s batting - Pitching for Plumstead Eagles : LHP Ayres Carrasco
Batting: RHB Ricardo Salazar 0-0: Ball
1-0: Foul Ball, location: 2F
1-1: SINGLE (Line Drive, 4MD)
Batting: LHB Robert Moore 0-0: Ball
1-0: Ball
2-0: Foul Ball, location: 2F
2-1: Foul Ball, location: 2F
2-2: Strikes out swinging
Batting: RHB Chris Jones 0-0: Ball
1-0: Swinging Strike
1-1: Ball
2-1: Ball
3-1: Base on Balls
Ricardo Salazar to second
Batting: RHB Pat Fernández 0-0: Called Strike
0-1: Ball
1-1: Foul Ball, location: 2F
1-2: Ball
2-2: Grounds into double play, 6-4-3 (Groundball, 6M)
Top of the 7th over - 0 run(s), 1 hit(s), 0 error(s), 1 left on base; Columbia 0 - Plumstead 3
BOTTOM OF THE 7TH
Plumstead Eagles batting - Pitching for Columbia 08s : RHP Danny Johnston
Batting: RHB Ron King 0-0: Ball
1-0: Ball
2-0: Ball
3-0: Called Strike
3-1: Base on Balls
Batting: RHB Louis Smith 0-0: Ball
1-0: Ball
2-0: 2-RUN HOME RUN (Flyball, 7D), Distance : 361 ft
Batting: RHB Don Turner 0-0: Bunted foul
0-1: Ball
1-1: Ground out 6-3 (Groundball, 6)
Batting: RHB Carlos Palomón 0-0: Ball
1-0: Ball
2-0: Foul Ball, location: 2F
2-1: Foul Ball, location: 2F
2-2: Foul Ball, location: 2F
2-2: Foul Ball, location: 2F
2-2: Strikes out swinging
Batting: RHB Donald Sanford 0-0: Foul Ball, location: 2F
0-1: SINGLE (Line Drive, 6MD)
Batting: RHB Howard Johnson 0-0: Ball
1-0: Foul Ball, location: 2F
1-1: Ball
2-1: Swinging Strike
2-2: Ball
3-2: Strikes out swinging
Bottom of the 7th over - 2 run(s), 2 hit(s), 0 error(s), 1 left on base; Columbia 0 - Plumstead 5
TOP OF THE 8TH
Columbia 08s batting - Pitching for Plumstead Eagles : LHP Ayres Carrasco
Now at SS: Pablo Villarreal
Now in RF: Gilberto Fernández
Batting: SHB William Hamilton 0-0: Fly out, F4 (Popup, 4)
Batting: RHB Ben Barker 0-0: Fly out, F2 (Popup, 25)
Batting: RHB Henry Fox 0-0: Foul Ball, location: 2F
0-1: Foul Ball, location: 2F
0-2: Ball
1-2: Ball
2-2: Foul Ball, location: 2F
2-2: Strikes out looking
Top of the 8th over - 0 run(s), 0 hit(s), 0 error(s), 0 left on base; Columbia 0 - Plumstead 5
BOTTOM OF THE 8TH
Plumstead Eagles batting - Pitching for Columbia 08s : RHP Danny Johnston
Batting: RHB Víctor Rivera 0-0: Called Strike
0-1: Called Strike
0-2: Foul Ball, location: 2F
0-2: Ball
1-2: Strikes out looking
Pitching: RHP Mike Horton
Batting: LHB António Salazar 0-0: Called Strike
0-1: SINGLE (Groundball, 56S)
Batting: RHB Juan Caceres 0-0: Foul Ball, location: 2F
0-1: Grounds into double play, 4-6-3 (Groundball, 4)
Bottom of the 8th over - 0 run(s), 1 hit(s), 0 error(s), 0 left on base; Columbia 0 - Plumstead 5
TOP OF THE 9TH
Columbia 08s batting - Pitching for Plumstead Eagles : LHP Ayres Carrasco
Batting: RHB Jeffrey Hicks 0-0: Ball
1-0: Ball
2-0: Ground out 1-3 (Groundball, 15)
Batting: RHB Irving Galloway 0-0: Fly out, F3 (Popup, 3SF)
Batting: RHB Ricardo Salazar 0-0: Foul Ball, location: 2F
0-1: Fly out, F8 (Flyball, 8LM)
Top of the 9th over - 0 run(s), 0 hit(s), 0 error(s), 0 left on base; Columbia 0 - Plumstead 5
This league is powered by Out of the Park Baseball, the baseball management simulation game for PC, Mac and Linux
Saturday, April 9th, 2016 - OOTP Baseball 16.8 Build 38